 Dungeon Crawl Stone Soup version 0.21-a0-507-ga8f6b7a (webtiles) character file.

42 tof the Twirler (level 3, -1/28 HPs)
             Began as a Demonspawn Gladiator on Nov 27, 2017.
             Slain by a gnoll (3 damage)
             ... on level 2 of the Dungeon.
             The game lasted 00:01:31 (1296 turns).

tof the Twirler (Demonspawn Gladiator)              Turns: 1296, Time: 00:01:32

Health: -1/28      AC:  5    Str: 14    XL:     3   Next: 35%
Magic:  3/3        EV: 13    Int:  9    God:
Gold:   44         SH:  0    Dex: 15    Spells: 2/2 levels left

rFire    . . .     SeeInvis .   a - +0 quarterstaff
rCold    . . .     Gourm    .   (shield currently unavailable)
rNeg     . . .     Faith    .   b - +0 leather armour
rPois    .         Spirit   .   c - +0 helmet
rElec    .         Reflect  .   (no cloak)
rCorr    .         Harm     .   (no gloves)
MR       .....                  e - +0 pair of boots
Stlth    +.........             (no amulet)
HPRegen  0.09/turn              (no ring)
MPRegen  0.08/turn              (no ring)

@: no status effects
A: claws 1
a: no special abilities


You were on level 2 of the Dungeon.
You were not hungry.

You visited 1 branch of the dungeon, and saw 2 of its levels.

You collected 44 gold pieces.

Inventory:

Hand Weapons
 a - a +0 quarterstaff (weapon)
Missiles
 d - 3 throwing nets (quivered)
Armour
 b - a +0 leather armour (worn)
 c - a +0 helmet (worn)
 e - a +0 pair of boots (worn)
Scrolls
 i - a scroll of teleportation {unknown}
 m - a scroll of random uselessness {unknown}
 n - a scroll of remove curse {unknown}
 o - 3 scrolls of identify {unknown}
 q - a scroll of magic mapping {unknown}
Potions
 j - 2 potions of curing {unknown}
 k - a potion of ambrosia {unknown}
 l - 2 potions of flight {unknown}
 p - a potion of agility {unknown}
Comestibles
 f - a bread ration
 g - a royal jelly
 h - 3 chunks of flesh


   Skills:
 + Level 2.5 Fighting
 * Level 3.4 Staves
 - Level 1.7 Throwing
 + Level 3.0 Dodging


You had 2 spell levels left.
You didn't know any spells.

Dungeon Overview and Level Annotations

Branches:
Dungeon (2/15)

Altars:
Vehumet


Innate Abilities, Weirdness & Mutations

You have sharp fingernails.


Message History

There are monsters nearby!
You are too injured to fight recklessly!
There are monsters nearby!
You are too injured to fight recklessly!
There are monsters nearby!
You are too injured to fight recklessly!
There are monsters nearby!
You are too injured to fight recklessly!
The dart slug launches a dart at you. The slug dart hits you!
There is a stone staircase leading up here.
You hit the gnoll but do no damage. The gnoll hits you!
You sock the gnoll!
The gnoll is severely wounded.
The gnoll hits you but does no damage. The gnoll hits you.
* * * LOW HITPOINT WARNING * * *
The gnoll hits you with a flail.
* * * LOW HITPOINT WARNING * * *
The gnoll hits you.
You die...

############ ##..........##
##.........@..## #####
...........gg..# #....
#..............# #####..##
#..............# ##........
#..............# ##.........
#..........g...# #..........
##............####..........
##...[......####...........
##..[.....................


You could see 3 gnolls.

Vanquished Creatures
  A worm (D:1)
  3 dart slugs (D:1)
  4 bats
  2 giant cockroaches
  4 goblins
  5 hobgoblins
  7 frilled lizards
  2 kobolds (D:1)
  5 rats (D:1)
33 creatures vanquished.

Notes
Turn   | Place    | Note
-------+----------+-------------------------------------------
     0 | D:1      | tof the Demonspawn Gladiator began the quest for the Orb.
     0 | D:1      | Reached XP level 1. HP: 16/16 MP: 1/1
   247 | D:1      | Gained mutation: You have sharp fingernails. [demonic ancestry]
   247 | D:1      | Reached XP level 2. HP: 17/22 MP: 2/2
   834 | D:1      | Reached XP level 3. HP: 24/28 MP: 3/3
  1239 | D:2      | Found a radiant altar of Vehumet.
  1296 | D:2      | Slain by a gnoll

Vault maps used:
D:1:      evilmike_arrival_run_for_it
D:2:      nicolae_overflow_crystal_walls, ashenzari_conservatory_becter,
          vehumet_crystals

Skill      XL: |  1  2 |
---------------+-------+-----
Staves         | 3 |  3.4
Dodging        | 3 |  3.0
Fighting       | |  2.5
Throwing       | |  1.7

Action                   || total
-------------------------++-------
Melee: Quarterstaff      ||   107
 Stab: Sleeping          ||     2
  Eat: Chunk             ||     1
Armor: Leather armour    ||    52
Dodge: Dodged            ||   103

Table legend:
 A = Spawn XP
 B = Non-spawn XP
 C = Spawn XP percentage of total XP
 D = Spawn monster count
 E = Non-spawn monster count
 F = Spawn count percentage of total count
 G = Total turns spent on level
                    A         B        C        D         E        F      G
               +---------+---------+-------+---------+---------+-------+---------
         Total |       0 |      61 |   0.0 |       0 |      33 |   0.0 |  1296
               +---------+---------+-------+---------+---------+-------+---------
           D:1 |       0 |      48 |   0.0 |       0 |      24 |   0.0 |  1120
           D:2 |       0 |      13 |   0.0 |       0 |       9 |   0.0 |   176
               +---------+---------+-------+---------+---------+-------+---------
